 Dungeon Crawl Stone Soup version 0.18-a0-801-gb01a236 (webtiles) character file.

1057 JokEr the Skirmisher (level 8, 0/57 HPs)
             Began as an Octopode Fighter on Dec 14, 2015.
             Was an Initiate of Makhleb.
             Slain by a sky beast (2 damage)
             ... on level 5 of the Dungeon.
             The game lasted 00:12:02 (4684 turns).

JokEr the Skirmisher (Octopode Fighter)             Turns: 4684, Time: 00:12:04

Health: 0/57       AC:  1    Str: 23    XL:     8   Next: 26%
Magic:  12/12      EV: 11    Int: 10    God:    Makhleb [......]
Gold:   396        SH:  9    Dex: 11    Spells: 2 memorised, 9 levels left

rFire  + . .     SeeInvis .     a - +1 war axe
rCold  . . .     Clarity  .     b - +0 shield
rNeg   . . .     SustAt   .     (helmet restricted)
rPois  .         Gourm    .     (no amulet)
rElec  .         Spirit   .     g - +3 ring of slaying
rCorr  .         Dismiss  .     e - ring of wizardry
rMut   .         Stasis   .     m - ring of protection from fire
MR     .....                    (no ring)
Stlth  +++.......               (no ring)
                                (no ring)
                                (no ring)
                                (no ring)

@: mighty, not resistant to hostile enchantments, fairly stealthy
A: almost no armour, amphibious, 8 rings, constrict 8, camouflage 1, gelatinous
body 1
a: Renounce Religion


You were on level 5 of the Dungeon.
You worshipped Makhleb.
Makhleb was noncommittal.
You were not hungry.

You visited 2 branches of the dungeon, and saw 6 of its levels.

You collected 396 gold pieces.

Inventory:

Hand Weapons
 a - a +1 war axe (weapon)
Armour
 b - a +0 shield (worn)
Jewellery
 e - a ring of wizardry (right tentacle)
 g - a +3 ring of slaying (left tentacle)
 m - a ring of protection from fire (on tentacle)
Wands
 w - a wand of confusion (27)
Scrolls
 j - a scroll of teleportation
 k - a scroll of amnesia
 n - a scroll of magic mapping
 u - a scroll of remove curse
Potions
 h - 2 potions of heal wounds {unknown}
 p - 2 potions of degeneration {unknown}
 r - a potion of poison {unknown}
Books
 l - a book of Minor Magic

   Spells                             Type                      Level
   a - Magic Dart                     Conjuration                  1
   b - Blink                          Translocation                2
   c - Call Imp                       Summoning                    2
   d - Repel Missiles                 Charms/Air                   2
   e - Slow                           Hexes                        2
   f - Conjure Flame                  Conjuration/Fire             3
   g - Mephitic Cloud                 Conjuration/Poison/Air       3
 s - a book of Power

   Spells                             Type                      Level
   a - Fulminant Prism                Conjuration/Hexes            4
   b - Iskenderun's Mystic Blast      Conjuration                  4
   c - Venom Bolt                     Conjuration/Poison           5
   d - Bolt of Magma                  Conjuration/Fire/Earth       5
   e - Iron Shot                      Conjuration/Earth            6
   f - Orb of Destruction             Conjuration                  7
   g - Spellforged Servitor           Conjuration/Summoning        7
 v - a book of Death

   Spells                             Type                      Level
   a - Corpse Rot                     Necromancy                   2
   b - Sublimation of Blood           Necromancy                   2
   c - Agony                          Necromancy                   5
   d - Dispel Undead                  Necromancy                   5
   e - Excruciating Wounds            Charms/Necromancy            5
   f - Bolt of Draining               Conjuration/Necromancy       5
Comestibles
 d - 6 bread rations
 f - a slice of pizza
 i - a royal jelly
 o - a meat ration
 q - 2 fruits


   Skills:
 + Level 6.2 Fighting
 + Level 5.8 Axes
 - Level 4.2 Dodging
 + Level 2.6 Stealth
 - Level 3.0 Shields
 - Level 3.2 Spellcasting


You had 9 spell levels left.
You knew the following spells:

 Your Spells              Type           Power        Failure   Level  Hunger
a - Mephitic Cloud        Conj/Pois/Air  #.......     98%         3    ###....
b - Magic Dart            Conj           #...         73%         1    #......


Dungeon Overview and Level Annotations

Branches:
Dungeon (5/15)             Temple (1/1) D:4

Altars:
Ashenzari
Fedhas
Gozag
Makhleb
Nemelex Xobeh
Pakellas
Qazlal
Ru
Xom
Yredelemnul
Zin
The Shining One


Innate Abilities, Weirdness & Mutations

You cannot wear most types of armour.
You are amphibious.
You can wear up to eight rings at the same time.
You can use your tentacles to constrict eight enemies at once.
Your skin changes colour to match your surroundings (Stealth).
Your rubbery body absorbs attacks (AC +1).


Message History

Something hits you. Something shocks you.
You closely miss something. Your squeeze misses something. Something hits you.
Something shocks you.
You barely miss something. You squeeze something! Something hits you.
Something shocks you.
Drink which item? (? for menu, Esc to quit)
You feel very mighty all of a sudden. Something hits you.
* * * LOW HITPOINT WARNING * * *
Something shocks you.
* * * LOW HITPOINT WARNING * * *
You block the adder's attack.
You closely miss something. Your squeeze misses something.
You completely miss the adder. The adder closely misses you.
Something hits you.
* * * LOW HITPOINT WARNING * * *
Something shocks you.
* * * LOW HITPOINT WARNING * * *
The adder bites you but does no damage. Something hits you.
You die...

#..........## #..###
###+######..# ###..###
##.# #....... #### #.#
#.#.#### ..# #.## #...#
% #.###..# ###.# ...
#(#....######.#
.....##.............#
.......@......#####.#
$....#{S.......# #.#
......._..8.._.# #.#
...............####.#
#..................#
#..................#
#....S.#...........####
#......##......†...##..
##.........##..


You could see an adder and a ball python (sleeping).

Vanquished Creatures
  Duvessa (D:4)
  3 ogres
  A centaur (D:5)
  Dowan (D:4)
  3 scorpions
  A crimson imp (D:5)
  Jessica (D:2)
  A giant frog skeleton (D:5)
  An orc priest (D:4)
  4 orc wizards
  2 worker ants
  A worker ant zombie (D:5)
  6 adders
  2 shadow imps (D:5)
  An adder zombie (D:5)
  An adder skeleton (D:4)
  3 worms
  4 giant geckos
  11 orcs
  6 hobgoblins
  2 jackals (D:1)
  10 bats
  5 giant cockroaches
  4 giant newts
  4 goblins
  4 kobolds
  A quokka (D:2)
  5 rats
89 creatures vanquished.

Notes
Turn   | Place    | Note
--------------------------------------------------------------
     0 | D:1      | JokEr the Octopode Fighter began the quest for the Orb.
     0 | D:1      | Reached XP level 1. HP: 16/16 MP: 1/1
   330 | D:1      | Reached XP level 2. HP: 19/21 MP: 2/2
   910 | D:2      | Reached XP level 3. HP: 23/26 MP: 3/3
  1175 | D:2      | Noticed Jessica
  1184 | D:2      | Killed Jessica
  1184 | D:2      | Reached XP level 4. HP: 29/32 MP: 4/4
  2098 | D:3      | Reached XP level 5. HP: 23/37 MP: 5/5
  2445 | D:3      | Found a glowing golden altar of the Shining One.
  2495 | D:3      | Reached skill level 4 in Fighting
  2605 | D:3      | Learned a level 3 spell: Mephitic Cloud
  2670 | D:4      | Noticed an ogre
  2684 | D:4      | Killed an ogre
  2863 | D:4      | Learned a level 1 spell: Magic Dart
  2937 | D:4      | Reached XP level 6. HP: 42/44 MP: 5/7
  2950 | D:4      | Reached skill level 1 in Spellcasting
  3280 | D:4      | Noticed Duvessa
  3281 | D:4      | Noticed Dowan
  3290 | D:4      | Killed Duvessa
  3292 | D:4      | Killed Dowan
  3292 | D:4      | Reached skill level 5 in Fighting
  3292 | D:4      | Reached XP level 7. HP: 37/50 MP: 7/10
  3743 | D:4      | Found a staircase to the Ecumenical Temple.
  3749 | Temple   | Entered the Ecumenical Temple
  3884 | Temple   | Became a worshipper of Makhleb the Destroyer
  3956 | D:5      | Entered Level 5 of the Dungeon
  3978 | D:5      | Reached skill level 5 in Axes
  4010 | D:5      | Found an oddly glowing altar of Pakellas.
  4119 | D:5      | Found an opulent altar of Gozag.
  4234 | D:5      | Reached XP level 8. HP: 57/57 MP: 12/12
  4255 | D:5      | Reached skill level 1 in Stealth
  4307 | D:5      | Reached skill level 6 in Fighting
  4684 | D:5      | HP: 2/57 [something (5)]
  4684 | D:5      | Slain by a sky beast

Vault maps used:
D:1:      lightli_molten_gateway
D:2:      hangedman_decor_clover_reticule, uniq_jessica
D:3:      lemuel_coloured_pillars_altar
D:4:      minmay_temple_entry_enclosed_plants, first_bread, uniq_duvessa
D:5:      grunt_temple_overflow_open
Temple:   jpeg_temple_clearing_9

Action                   |  1- 3 |  4- 6 |  7- 9 || total
-------------------------+-------+-------+-------++-------
Melee: War axe           |    39 |    69 |    74 ||   182
  Use: Scroll            |     3 |     6 |     3 ||    12
       Potion            |     1 |     1 |     2 ||     4
 Stab: Sleeping          |     5 |     2 |     5 ||    12
       Distracted        |       |       |     1 ||     1
  Eat: Chunk             |     1 |     4 |     1 ||     6
       Pizza             |       |     1 |       ||     1
       Meat ration       |       |       |     1 ||     1
